 Dungeon Crawl Stone Soup version 0.27.1-1-g398f81649c (webtiles) character file.

Game seed: 17742259442496787478

39 phibes the Stinger (level 3, -2/24 HPs)
             Began as an Octopode Venom Mage on Sept 13, 2021.
             Slain by a quokka (3 damage)
             ... on level 2 of the Dungeon.
             The game lasted 00:14:41 (1492 turns).

phibes the Stinger (Octopode Venom Mage)            Turns: 1492, Time: 00:14:41

Health: -2/24      AC:  1    Str:  8    XL:     3   Next: 47%
Magic:  6/6        EV: 13    Int: 17    God:
Gold:   38         SH:  0    Dex: 12    Spells: 5/6 levels left

rFire    x . .     SeeInvis .     - Unarmed
rCold    + . .     Faith    .   (no shield)
rNeg     . . .     Spirit   .   (helmet restricted)
rPois    .         Reflect  .   (no amulet)
rElec    .         Harm     .   b - ring of ice
rCorr    .         Rampage  .   (no ring)
Will     .....                  (no ring)
Stlth    +++.......             (no ring)
HPRegen  0.08/turn              (no ring)
MPRegen  0.10/turn              (no ring)
                                (no ring)
                                (no ring)

@: no status effects
A: almost no armour, amphibious, 8 rings, camouflage 1, gelatinous body 1,
(nimble swimmer 1), tentacles
a: no special abilities


You were on level 2 of the Dungeon.
You visited 1 branch of the dungeon, and saw 2 of its levels.

You collected 38 gold pieces.

Inventory:

Jewellery
 b - a ring of ice (left tentacle)
Potions
 a - a potion of attraction {unknown}


   Skills:
 + Level 2.0 Fighting
 - Level 2.0 Dodging
 - Level 2.6 Stealth
 + Level 2.0 Unarmed Combat
 - Level 2.0 Spellcasting
 - Level 1.0 Transmutations
 - Level 3.6 Poison Magic


You had 5 spell levels left.
You knew the following spells:

 Your Spells              Type           Power      Damage    Failure   Level
a - Sting                 Tmut/Pois      36%        1d4       8%          1

Your spell library contained the following spells:

 Spells                   Type           Power      Damage    Failure   Level
 Poisonous Vapours        Pois/Air       14%        N/A       14%         2
 Mephitic Cloud           Conj/Pois/Air  5%         N/A       34%         3
 Olgreb's Toxic Radiance  Pois           14%        N/A       41%         4
 Ozocubu's Refrigeration  Ice            1%         4d5       100%        7
 Ignition                 Fire           0%         3d3       100%        8


Dungeon Overview and Level Annotations

Branches:
Dungeon (2/15)

Altars:


Innate Abilities, Weirdness & Mutations

You cannot wear most types of armour.
You are amphibious.
You can wear up to eight rings at the same time.
Your skin changes colour to match your surroundings (Stealth+).
Your rubbery body absorbs attacks. (AC +1, EV +1)
((You are camouflaged near water. (Stealth+)))
You have tentacles for arms and can constrict up to eight enemies at once.


Message History

You escape the ball python's grasp.
The ball python barely misses you. The ball python grabs you.
The ball python constricts you.
You tentacle-slap the ball python. You grab the ball python.
The ball python is severely wounded.
You constrict the ball python.
You kill the ball python!
The quokka bites the plant.
The plant begins to die.
The kobold throws a stone.
The stone misses you.
The stone hits the plant.
The plant begins to die.
The kobold throws a stone.
The stone misses you.
Found 8 gold pieces.
A nearby plant withers and dies. x2
You hear a splashing noise.
You tentacle-slap the kobold. You grab the kobold.
Your squeeze misses the kobold.
The kobold is heavily wounded.
You constrict the kobold.
You tentacle-slap the kobold but do no damage.
The kobold is severely wounded.
You constrict the kobold.
You kill the kobold!
You tentacle-slap the quokka. Your grab misses the quokka.
You squeeze the quokka, but do no damage.
The quokka is heavily wounded.
The quokka bites you. x2
* * * LOW HITPOINT WARNING * * *
You tentacle-slap the quokka but do no damage.
Your grab misses the quokka.
The quokka is heavily wounded.
The quokka bites you.
* * * LOW HITPOINT WARNING * * *
You closely miss the quokka. Your grab misses the quokka.
The quokka is heavily wounded.
The quokka closely misses you.
You barely miss the quokka. Your grab misses the quokka.
The quokka is heavily wounded.
The quokka bites you.
* * * LOW HITPOINT WARNING * * *
Found 6 gold pieces.
The quokka barely misses you. The quokka bites you.
You die...

$. .# ## .$ #. .
##. .## P #.###..
≈≈P #######.K#.#
.≈.. ........#@#
≈.≈.. ##PP.)r.#
.≈P..###.≈≈≈P≈.#
≈......≈P†♣♣P≈P##
..##†.≈♣♣♣♣♣P.##
#P.P≈♣ ♣≈≈P.#
#.≈≈≈♣ ♣♣≈..#
##.P♣♣♣♣≈≈P.####
#.≈≈P♣≈≈≈≈P...#


You could see a quokka and a kobold.

Vanquished Creatures
  An adder (D:2)
  A dart slug (D:1)
  4 endoplasms (D:1)
  4 goblins (D:1)
  A hobgoblin (D:1)
  A jackal (D:2)
  3 quokkas (D:1)
  4 ball pythons
  4 kobolds
  2 rats (D:1)
25 creatures vanquished.

Vanquished Creatures (others)
  10 plants (D:2)
10 creatures vanquished.

Grand Total: 35 creatures vanquished

Notes
Turn   | Place    | Note
-------+----------+-------------------------------------------
     0 | D:1      | phibes the Octopode Venom Mage began the quest for the Orb.
     0 | D:1      | Reached XP level 1. HP: 11/11 MP: 3/3
   244 | D:1      | Reached skill level 1 in Fighting
   244 | D:1      | Reached skill level 1 in Unarmed Combat
   244 | D:1      | Reached XP level 2. HP: 8/18 MP: 5/5
  1184 | D:1      | Reached XP level 3. HP: 19/23 MP: 6/6
  1490 | D:2      | HP: 1/24 [quokka (4)]
  1492 | D:2      | Slain by a quokka

Illustrated notes

Levels and vault maps discovered:
D:1:      mrwooster_arrival_statue_2, layout_rooms, minivault_14, st_stairs_4,
          chequers_serial_rivers_micro_a
D:2:      layout_loops_ring, serial_bayou, serial_bayou_pond_c,
          serial_bayou_pond_b, serial_bayou_lake_a, serial_bayou_crossing,
          serial_bayou_ford_a, wander_ebering_terrifying_dragon_lair,
          uniq_natasha, uniq_crazy_yiuf_cottage, uniq_jessica

Skill      XL: |  1  2  3 |
---------------+----------+-----
Fighting       | 1 2 |  2.0
Unarmed Combat | 1 2 |  2.0
Dodging        | |  2.0
Stealth        | |  2.6
Spellcasting   | |  2.0
Transmutations | |  1.0
Poison Magic   | |  3.6

Action                   || total
-------------------------++-------
Melee: Unarmed           ||    85
       Tentacles         ||    16
       Constrict         ||    19
 Stab: Sleeping          ||     3
Armor: Skin              ||     3
Dodge: Dodged            ||    58
